 Dungeon Crawl Stone Soup version 0.29.1-1-gd02db6906a (webtiles) character file.

Game seed: 15256851706570128837

30 xian the Trooper (level 3, -2/31 HPs)
             Began as a Draconian Fighter on Sept 20, 2022.
             Was a Follower of Vehumet.
             Killed from afar by Sigmund (10 damage)
             ... with a magic dart
             ... on level 2 of the Dungeon.
             The game lasted 00:03:27 (1667 turns).

xian the Trooper (Draconian Fighter)                Turns: 1667, Time: 00:03:27

Health: -2/31      AC:  6    Str: 18    XL:     3   Next: 5%
Magic:  3/3        EV: 12    Int: 10    God:    Vehumet [*.....]
Gold:   124        SH:  4    Dex: 10    Spells: 2/3 levels left

rFire   . . .      SeeInvis .   a - +0 war axe
rCold   . . .      Faith    .   b - +0 buckler
rNeg    . . .      Spirit   .   (body armour unavailable)
rPois   .          Reflect  .   (helmet restricted)
rElec   .          Harm     .   (no cloak)
rCorr   .          Rampage  .   h - +0 pair of gloves
Will    .....                   (no boots)
Stlth   +.........              (no amulet)
HPRegen 0.10/turn               (no ring)
MPRegen 0.08/turn               (no ring)

@: no status effects
A: AC +5, unfitting armour, cold-blooded
a: Renounce Religion


You were on level 2 of the Dungeon.
You worshipped Vehumet.
Vehumet was aware of your devotion.
You visited 1 branch of the dungeon, and saw 2 of its levels.

You collected 124 gold pieces.

Inventory:

Hand Weapons
 a - a +0 war axe (weapon)
Missiles
 i - 6 poisoned darts (quivered)
Armour
 b - a +0 buckler (worn)
 h - a +0 pair of gloves (worn)
Jewellery
 d - an amulet of faith
Scrolls
 f - a scroll of butterflies {unknown}
 g - 2 scrolls of identify {unknown}
 j - 4 scrolls of teleportation {unknown}
 l - a scroll of summoning {unknown}
 m - a scroll of enchant armour {unknown}
Potions
 c - a potion of might
 e - a potion of magic {unknown}
 k - a potion of haste {unknown}


   Skills:
 + Level 3.3 Fighting
 + Level 2.3 Axes
 + Level 2.7 Dodging
 + Level 0.3 Stealth
 + Level 3.3 Shields
 * Level 0.5 Spellcasting
 * Level 0.5 Conjurations
 * Level 0.9 Air Magic


You had 2 spell levels left.
You knew the following spells:

 Your Spells              Type           Power      Damage    Failure   Level
a - Shock                 Conj/Air       4%         1d3       34%         1

Your spell library contained the following spells:

 Spells                   Type           Power      Damage    Failure   Level
 Stone Arrow              Conj/Erth      0%         3d7       78%         3
 Summon Ice Beast         Ice/Summ       0%         N/A       99%         4
 Summon Mana Viper        Hex/Summ       0%         N/A       100%        5
 Monstrous Menagerie      Summ           0%         N/A       100%        7
 Lehudib's Crystal Spear  Conj/Erth      0%         10d2      100%        8
 Animate Armour           Summ/Erth      Unusable   N/A       N/A         4

Dungeon Overview and Level Annotations

Branches:
Dungeon (2/15)

Altars:
Vehumet

Annotations:
D:2 Sigmund


Innate Abilities, Weirdness & Mutations

Your plain brown scales are hard. (AC +5)
You cannot fit into any form of body armour.
You are cold-blooded and may be slowed by cold attacks.


Message History

Vehumet accepts your kill.
m - a scroll labelled VAWAGE PUGOTI Sigmund the Dreaded comes into view.
He is wielding a +0 scythe and wearing a +2 robe of fire resistance.
Sigmund shouts!
Sigmund completely misses you.
You barely miss Sigmund.
Your tail-slap misses Sigmund.
Sigmund hits you with a +0 scythe!
You closely miss Sigmund. Sigmund gestures at you while chanting.
The puff of flame misses you. You block Sigmund's attack.
You barely miss Sigmund. Sigmund barely misses you.
You completely miss Sigmund. You hit Sigmund.
Sigmund is lightly wounded.
Sigmund casts a spell at you. The puff of flame hits you.
Sigmund hits you with a +0 scythe!
Unknown command.
Sigmund casts a spell at you. The magic dart hits you.
Sigmund gestures at you while chanting.
You are confused.
You throw a poisoned dart.
Sigmund says, "You will soon forget everything."
Sigmund hits you but does no damage.
You see here a poisoned dart.
i - 6 poisoned darts (gained 1) Sigmund hits you from afar with a +0 scythe.
* * * LOW HITPOINT WARNING * * *
You bump into the rock wall.
You feel less confused.
You are too injured to fight recklessly!
Sigmund barely misses you.
Sigmund casts a spell.
Sigmund flickers and vanishes!
Deactivating autopickup; reactivate with Ctrl-A.
A puff of flame appears from out of thin air!
The puff of flame hits you but does no damage.
A magic dart appears from out of thin air!
The magic dart hits you!
You die...

##......... #{.# ##.########
## +.## ##.## #.. #..#
#...#### ###.##+##{## ..#....#
#..........#######. #...##.#
#.#.#.#.#.#........
##.###.#####..##...##########.
.#.# #.#..........## ...# #.#
####...@## .#####.#.# ####.#
.# #...#.# #.# .# #.###.# #.#
.# #.# #.# #.# .###.# #.#
##.####### ...#.# #.#
#.........
.#.#.###.######..#######
.#...............#


There were no monsters in sight!

Vanquished Creatures
  An adder (D:2)
  A worm (D:2)
  2 bats
  2 goblins
  A hobgoblin (D:1)
  A quokka (D:2)
  5 ball pythons
  3 kobolds
  3 rats
19 creatures vanquished.

Notes
Turn   | Place    | Note
-------+----------+-------------------------------------------
     0 | D:1      | xian the Draconian Fighter began the quest for the Orb.
     0 | D:1      | Reached XP level 1. HP: 19/19 MP: 1/1
   236 | D:1      | Found a faded altar of an unknown god.
   315 | D:1      | Prayed at the altar of an unknown god.
   315 | D:1      | Became a worshipper of Vehumet
   315 | D:1      | Reached * piety under Vehumet
   315 | D:1      | Offered knowledge of Shock by Vehumet.
   953 | D:2      | Reached XP level 2. HP: 20/26 MP: 2/2
  1094 | D:2      | Learned a level 1 spell: Shock
  1587 | D:2      | Reached XP level 3. HP: 31/31 MP: 3/3
  1640 | D:2      | Noticed Sigmund
  1667 | D:2      | Killed from afar by Sigmund

Illustrated notes

Levels and vault maps discovered:
D:1:      co_arrival_random_square_maze, layout_loops_ring,
          basic_ecumenical_altar
D:2:      layout_loops_ring, hangedman_decor_riveting, minmay_misc_feat_doors,
          uniq_sigmund

Action                   || total
-------------------------++-------
Melee: War axe           ||    72
       Tailslap          ||     7
Throw: Dart              ||     1
 Cast: Shock             ||     2
 Stab: Sleeping          ||     1
Armor: Skin              ||    42
Dodge: Dodged            ||    62
Block: Buckler           ||    26
